 Dungeon Crawl Stone Soup version 0.20.1-1-g8b1a95d (webtiles) character file.

7619 lorenzova the Thaumaturge (level 10, -2/50 HPs)
             Began as a Deep Elf Conjurer on Oct 19, 2017.
             Was an Elder of Sif Muna.
             Slain by Frank's ghost (13 damage)
             ... on level 12 of the Dungeon.
             The game lasted 00:21:19 (9475 turns).

lorenzova the Thaumaturge (Deep Elf Conjurer)       Turns: 9475, Time: 00:21:20

Health: -2/50      AC:  7    Str:  5    XL:     10   Next: 98%
Magic:  14/44      EV: 13    Int: 24    God:    Sif Muna [****..]
Gold:   168        SH:  0    Dex: 15    Spells: 25/36 levels left

rFire    + + .     SeeInvis .   y - staff of power
rCold    . . .     Gourm    .   (no shield)
rNeg     . . .     Faith    .   M - +2 robe {rF+}
rPois    .         Spirit   .   I - +0 hat
rElec    .         Reflect  .   (no cloak)
rCorr    .         Harm     .   N - +0 pair of gloves {archery}
MR       +....                  (no boots)
Stlth    ++........             (no amulet)
Regen    0.2/turn               z - ring of protection from fire
MPRegen  0.3/turn               D - +2 ring of protection

@: no status effects
A: no striking features
a: Divine Energy, Channel Magic, Forget Spell, Renounce Religion


You were on level 12 of the Dungeon.
You worshipped Sif Muna.
Sif Muna was greatly pleased with you.
You were hungry.

You visited 2 branches of the dungeon, and saw 11 of its levels.

You collected 450 gold pieces.
You spent 282 gold pieces at shops.

Inventory:

Hand Weapons
 o - a +0 short sword
Armour
 a - a +0 robe
 I - a +0 hat (worn)
 M - a +2 robe of fire resistance (worn)
 N - a +0 pair of gloves of archery (worn)
Magical Staves
 y - an uncursed staff of power (weapon)
Jewellery
 x - a +3 ring of strength
 z - a ring of protection from fire (left hand)
 D - a +2 ring of protection (right hand)
 P - an uncursed amulet of the gourmand {unknown}
Wands
 v - a wand of confusion (15/48)
 O - a wand of flame (20/48)
Scrolls
 e - a scroll of identify
 g - 5 scrolls of teleportation {unknown}
 m - a scroll of fear {unknown}
 r - 3 scrolls of amnesia {unknown}
 t - a scroll of blinking {unknown}
 w - a scroll of enchant armour {unknown}
 B - 3 scrolls of remove curse {unknown}
 J - a scroll of recharging {unknown}
 K - a scroll of random uselessness {unknown}
Potions
 f - 2 potions of haste
 h - 4 potions of degeneration
 i - 5 potions of curing
 k - 2 potions of might
 l - 2 potions of magic
 n - a potion of invisibility
 p - a potion of ambrosia {unknown}
 q - 3 potions of mutation {unknown}
 s - a potion of brilliance {unknown}
 u - 4 potions of heal wounds
 A - a potion of cancellation {unknown}
 E - a potion of agility
 F - a potion of flight {unknown}
 G - a potion of lignification {unknown}
Books
 b - a book of Conjurations

   Spells                             Type                      Level
   a - Magic Dart                     Conjuration                  1
   b - Searing Ray                    Conjuration                  2
   c - Dazzling Spray                 Conjuration/Hexes            3
   d - Fulminant Prism                Conjuration/Hexes            4
   e - Force Lance                    Conjuration/Translocation    4
   f - Iskenderun's Mystic Blast      Conjuration                  4
 H - a book of Misfortune

   Spells                             Type                      Level
   a - Confusing Touch                Hexes                        1
   b - Confuse                        Hexes                        3
   c - Gell's Gravitas                Translocation                3
   d - Petrify                        Transmutation/Earth          4
   e - Metabolic Englaciation         Hexes/Ice                    5
   f - Yara's Violent Unravelling     Hexes/Transmutation          5
 L - a Young Poisoner's Handbook

   Spells                             Type                      Level
   a - Sting                          Conjuration/Poison           1
   b - Poisonous Vapours              Poison/Air                   2
   c - Mephitic Cloud                 Conjuration/Poison/Air       3
   d - Olgreb's Toxic Radiance        Poison                       4
   e - Venom Bolt                     Conjuration/Poison           5
Comestibles
 c - 8 bread rations
 d - 12 fruits
 j - 4 royal jellies
 C - 4 meat rations


   Skills:
 - Level 2.4 Dodging
 - Level 2.4 Stealth
 * Level 13.5 Spellcasting
 * Level 12.2 Conjurations
 + Level 8.9 Hexes
 + Level 4.0 Evocations


You had 25 spell levels left.
You knew the following spells:

 Your Spells              Type           Power        Failure   Level  Hunger
a - Magic Dart            Conj           ####         1%          1    None
b - Searing Ray           Conj           ######       1%          2    None
c - Iskenderun's Mystic   Conj           ######..     1%          4    None
d - Fulminant Prism       Conj/Hex       ######....   1%          4    None


Dungeon Overview and Level Annotations

Branches:
Dungeon (9/15)             Temple (1/1) D:5
   Lair: D:8-11         Orc: D:9-12

Altars:
Ashenzari
Cheibriados
Dithmenos
Elyvilon
Fedhas
Gozag
Hepliaklqana
Kikubaaqudgha
Makhleb
Nemelex Xobeh
Okawaru
Qazlal
Ru
Sif Muna
Trog
Uskayaw
Vehumet
Xom
Yredelemnul
Zin
The Shining One

Shops:
D:4 ![*[   D:9 !

Annotations:
D:8 2 transporters, exclusion: orange crystal statue
D:12 Frank's ghost, journeyman OpFi


Message History

The orb of energy explodes!
You hear a screech!
Frank's ghost closely misses you.
Casting: Iskenderun's Mystic Blast
Confirm with . or Enter, or press ? or * to list all spells.
Aiming: Iskenderun's Mystic Blast
Press: ? - help, Shift-Dir - straight line, f/p - Frank's ghost
Aim: Frank's ghost, wielding a weapon of freezing (almost destroyed)
The orb of energy misses Frank's ghost.
The orb of energy explodes!
Frank's ghost hits you!
* * * LOW HITPOINT WARNING * * *
Frank's ghost freezes you.
* * * LOW HITPOINT WARNING * * *
Casting: Iskenderun's Mystic Blast
Confirm with . or Enter, or press ? or * to list all spells.
Aiming: Iskenderun's Mystic Blast
Press: ? - help, Shift-Dir - straight line, f/p - Frank's ghost
Aim: Frank's ghost, wielding a weapon of freezing (almost destroyed)
The orb of energy misses Frank's ghost.
Frank's ghost hits you!
You die...

#############################
.....%........W@.............
.........................##
>........................#
.........................#
............%............#
............................
.............>................
..............................
.................


You could see Frank's ghost.

Vanquished Creatures
  Erolcha (D:9)
  A hydra (D:9)
  2 two-headed ogres (D:8)
  Pikel (D:7)
  An ugly thing (D:8)
  The ghost of iopi the Covered, an amateur FoFi (D:4)
  2 hippogriffs
  4 hogs (D:7)
  A vampire (D:8)
  A human (D:7)
  A hungry ghost (D:9)
  Menkaure (D:7)
  3 necrophages (D:7)
  2 ogres
  2 phantoms (D:6)
  2 centaurs
  6 bullfrogs
  A wyvern zombie (D:7)
  A scorpion (D:6)
  4 killer bees (D:7)
  2 howler monkeys (D:4)
  2 crimson imps
  A bullfrog zombie (D:7)
  4 centaur zombies
  A centaur skeleton (D:4)
  A hound (D:6)
  2 jellies
  Crazy Yiuf (D:6)
  4 iguanas
  Ijyb (D:5)
  8 worker ants
  An orc wizard (D:5)
  2 hound skeletons
  A howler monkey zombie (D:7)
  2 worker ant zombies
  A howler monkey skeleton (D:7)
  7 adders
  4 shadow imps
  4 oozes
  An adder zombie (D:5)
  An adder skeleton (D:6)
  4 worms
  2 dart slugs (D:2)
  4 leopard geckos
  19 orcs
  6 giant cockroaches
  6 goblins
  3 hobgoblins
  5 jackals
  7 kobolds
  2 quokkas
  9 bats
  2 frilled lizards
  A leopard gecko skeleton (D:5)
  13 rats
172 creatures vanquished.

Vanquished Creatures (others)
  A slave (D:7)
  An adder (D:7)
  3 jackals (D:7)
  A bush (D:7)
  12 fulminant prisms
  10 plants (D:7)
28 creatures vanquished.

Grand Total: 200 creatures vanquished

Notes
Turn   | Place    | Note
-------+----------+-------------------------------------------
     0 | D:1      | lorenzova the Deep Elf Conjurer began the quest for the Orb.
     0 | D:1      | Reached XP level 1. HP: 10/10 MP: 6/6
   465 | D:1      | Reached XP level 2. HP: 15/15 MP: 6/8
   469 | D:1      | Learned a level 2 spell: Searing Ray
   871 | D:2      | Reached skill level 5 in Conjurations
   966 | D:2      | Reached XP level 3. HP: 19/19 MP: 7/10
   968 | D:2      | Reached skill level 4 in Spellcasting
  1569 | D:2      | Found a faded altar of an unknown god.
  1672 | D:2      | Reached XP level 4. HP: 24/24 MP: 7/12
  1678 | D:2      | Learned a level 4 spell: Iskenderun's Mystic Blast
  1999 | D:3      | Reached skill level 5 in Spellcasting
  2677 | D:3      | Found a glowing silver altar of Zin.
  2677 | D:3      | Found a sparkling altar of Nemelex Xobeh.
  2693 | D:3      | Found a burning altar of Makhleb.
  2695 | D:3      | Found a hide-covered altar of Uskayaw.
  2698 | D:3      | Found a sacrificial altar of Ru.
  2699 | D:3      | Found a shimmering altar of Xom.
  2830 | D:4      | Reached XP level 5. HP: 25/28 MP: 3/14
  3012 | D:4      | Found Vuleb's Assorted Antiques.
  3168 | D:4      | Reached skill level 6 in Spellcasting
  3218 | D:4      | Noticed iopi's ghost (amateur FoFi)
  3392 | D:4      | Reached XP level 6. HP: 32/32 MP: 12/17
  3398 | D:4      | Learned a level 4 spell: Fulminant Prism
  3556 | D:4      | Killed iopi's ghost
  3556 | D:4      | Reached skill level 7 in Spellcasting
  3556 | D:4      | Reached skill level 1 in Hexes
  3723 | D:4      | Found Zaunyzub's Antique Armour Boutique.
  3775 | D:4      | Found Pustiyc's Antique Armour Shoppe.
  3777 | D:4      | Found Icimaria's Distillery.
  3788 | D:4      | Bought a potion of heal wounds for 50 gold pieces
  3788 | D:4      | Bought a potion of curing for 30 gold pieces
  3910 | D:4      | Reached XP level 7. HP: 36/36 MP: 5/19
  4023 | D:5      | Entered Level 5 of the Dungeon
  4236 | D:5      | Found an opulent altar of Gozag.
  4238 | D:5      | Found a snail-covered altar of Cheibriados.
  4259 | D:5      | Noticed Ijyb
  4434 | D:5      | Found a staircase to the Ecumenical Temple.
  4460 | D:5      | Killed Ijyb
  4501 | Temple   | Entered the Ecumenical Temple
  4592 | Temple   | Became a worshipper of Sif Muna the Loreminder
  5403 | D:6      | Reached skill level 8 in Spellcasting
  5582 | D:6      | Found a runed door.
  5667 | D:6      | Reached XP level 8. HP: 41/41 MP: 12/22
  5848 | D:6      | Noticed Crazy Yiuf
  5850 | D:6      | Killed Crazy Yiuf
  5984 | D:7      | Reached * piety under Sif Muna
  6161 | D:7      | Reached skill level 9 in Spellcasting
  6184 | D:6      | Reached skill level 5 in Hexes
  6425 | D:7      | Noticed Pikel
  6428 | D:7      | Killed Pikel
  6428 | D:7      | Reached ** piety under Sif Muna
  6428 | D:7      | Reached skill level 10 in Spellcasting
  6428 | D:7      | Reached XP level 9. HP: 41/45 MP: 21/25
  6442 | D:7      | Noticed Menkaure
  6444 | D:7      | Killed Menkaure
  6646 | D:7      | Found a hazy altar of Hepliaklqana.
  6699 | D:7      | Reached skill level 10 in Conjurations
  7021 | D:7      | Reached skill level 11 in Spellcasting
  7135 | D:7      | Reached *** piety under Sif Muna
  7286 | D:7      | Found a blossoming altar of Fedhas.
  7695 | D:8      | Reached skill level 12 in Spellcasting
  7737 | D:8      | Found a transporter.
  7737 | D:8      | Noticed an orange crystal statue
  7738 | D:8      | Noticed a manticore
  7738 | D:8      | Noticed a fire giant
  7740 | D:8      | Noticed a troll
  7754 | D:8      | Found a transporter.
  7769 | D:8      | Noticed a two-headed ogre
  7773 | D:8      | Killed a two-headed ogre
  7773 | D:8      | Reached skill level 1 in Evocations
  7773 | D:8      | Reached XP level 10. HP: 50/50 MP: 26/28
  7885 | D:8      | Found a white marble altar of Elyvilon.
  7896 | D:8      | Noticed a brown ugly thing
  7921 | D:8      | Reached **** piety under Sif Muna
  7925 | D:8      | Killed a brown ugly thing
  8486 | D:8      | Noticed a two-headed ogre
  8490 | D:8      | Killed a two-headed ogre
  8702 | D:9      | Noticed a six-headed hydra
  8706 | D:9      | Noticed Erolcha
  8707 | D:9      | Killed a six-headed hydra
  8707 | D:9      | Reached skill level 13 in Spellcasting
  8913 | D:9      | Killed Erolcha
  9098 | D:9      | Found Duchuvai's Distillery.
  9189 | D:4      | Bought a pair of runed gloves for 202 gold pieces
  9442 | D:9      | You fall through a shaft for 3 floors!
  9458 | D:12     | Noticed Frank's ghost (journeyman OpFi)
  9475 | D:12     | Slain by Frank's ghost

Skill      XL: |  1  2  3  4  5  6  7  8  9 10 |
---------------+-------------------------------+-----
Conjurations   | 5 6 7 8 9 11 12 | 12.2
Spellcasting   | 4 5 6 7 8 10 12 13 | 13.5
Hexes          | 2 3 5 7 8 |  8.9
Evocations     | 1 4 |  4.0
Dodging        | |  2.4
Stealth        | |  2.4

Action                   |  1- 3 |  4- 6 |  7- 9 | 10-12 || total
-------------------------+-------+-------+-------+-------++-------
Melee: Short sword       |       |     1 |     1 |       ||     2
 Cast: Magic Dart        |    82 |    95 |   159 |    32 ||   368
       Iskenderun's Myst |       |    12 |    69 |    41 ||   122
       Searing Ray       |       |     1 |     5 |       ||     6
       Fulminant Prism   |       |     1 |    10 |     2 ||    13
  Use: Scroll            |       |       |     5 |       ||     5
  Eat: Chunk             |     2 |     6 |    13 |     4 ||    25
       Royal jelly       |       |     1 |       |     1 ||     2
       Fruit             |       |       |     1 |       ||     1
Armor: Robe              |     2 |     5 |    16 |     2 ||    25
Dodge: Dodged            |     5 |    17 |    38 |    22 ||    82
